[Event "1st Serbian League 2022"]
[Site "Vrnjacka Banja"]
[Date "2022.09.23"]
[Round "4.17"]
[White "Kosic, Dragan"]
[Black "Zajic, Milan"]
[Result "1/2-1/2"]
[ECO "E12"]
[WhiteElo "2399"]
[BlackElo "2402"]
[Annotator "TA"]
[PlyCount "128"]
[EventDate "2022.09.20"]
[EventType "team-tourn"]
[EventCountry "SRB"]
[SourceTitle "playchess.com"]
[Source "ChessBase"]
[SourceQuality "1"]
[TimeControl "40/5400+30:1800+30"]

1. d4 Nf6 2. Nf3 e6 3. c4 b6 4. a3 Bb7 5. Nc3 d5 6. Bg5 Be7 7. Bxf6 Bxf6 8. cxd5 exd5 9. g3 O-O 10. Bg2 Na6 {[%emt 0:13:34] E12: Queen's Indian: Unusual White 4th moves, 4 a3, 4 Nc3 Bb7 5 a3 and 4 Nc3 Bb7 .} 11. O-O c5 12. e3 {[%emt 0:08:23] [#]} Rc8 $146 ({Predecessor:} 12... Qe7 13. Qc2 Rfd8 14. Rad1 Nc7 15. Rfe1 Ne6 16. Rd2 Rab8 17. Red1 g6 18. Qb1 Ba8 {½-½ (50) Dimitrov,R (2510)-Borsuk,K (2425) Primorsko 2021}) 13. Ne5 Re8 14. f4 Nc7 15. Qf3 (15. Qh5 g6 16. Qd1 Bg7) 15... Qe7 16. Rad1 Rcd8 17. g4 Ba8 (17... h6 $11) 18. g5 $14 Bxe5 19. fxe5 Bb7 20. h4 Bc6 21. Qg3 Ne6 22. Rf2 b5 (22... Rf8 $14) 23. Ne2 a5 24. Nf4 (24. dxc5 $1 $16 Qxc5 25. Nd4 (25. Qf3 Rf8 $16)) 24... b4 25. axb4 $1 axb4 26. Bh3 Nxf4 27. exf4 Bd7 (27... Ba4 $14 28. Rc1 cxd4) 28. f5 $1 $16 cxd4 29. Re1 d3 30. Qxd3 Qc5 {[%emt 0:00:17] [#]} 31. e6 $1 fxe6 32. fxe6 Re7 33. Qf3 {[%emt 0:06:27] White has more active pieces. The black rooks are badly placed.} Bb5 34. Re5 {[%emt 0:00:52] aiming for Rf5.} Qc1+ $1 (34... Qd4 $2 35. Rf5 Ree8 36. e7 Qxf2+ 37. Qxf2 $18) 35. Kh2 {[%emt 0:01:45] And now Rf5 would win.} Qc7 36. Qf4 Bd3 37. h5 Be4 38. h6 Rde8 (38... g6 $14) 39. Bg4 $18 b3 {[%emt 0:00:37] [#]} (39... Ra8 $16 40. hxg7 Rxg7) 40. Bh5 $2 ({Only move:} 40. Kg3 $1 $18) 40... g6 $14 41. Bg4 Qb8 $2 {[%emt 0:16:19][%mdl 8192] [#]} (41... Rc8 $14) 42. Qf7+ $3 $18 Kh8 43. Qf6+ Kg8 44. Rf4 Qd8 (44... Qc7 $16 {was worth a try.}) 45. Kg3 Qb8 ({Not} 45... Rf8 46. Qxf8+ Qxf8 47. Rxf8+ Kxf8 48. Kf4 $16) (45... Qc7 $142 46. Bh3 (46. Bf3 Bxf3 47. Kxf3 d4 $11) 46... Qd8) 46. Be2 {[%emt 0:00:00] The board is on fire.} (46. Bf3 $18) 46... Qd8 $2 (46... Qa7 $16 47. Kh3 (47. Rf2 Rc8 $14) 47... Rc8) 47. Bb5 {[%emt 0:00:00][%cal Of6f7] White threatens Qf7+! and mate.} Rf8 {[%emt 0:00:25] Prevents Qf7+.} 48. Qxf8+ Qxf8 49. Rxf8+ Kxf8 {[%emt 0:00:03][%mdl 4096] Endgame KRB-KRB} 50. Bd7 {[%emt 0:00:00] Intending Kf4 and mate.} Bf5 51. Kf4 d4 52. Rb5 $2 (52. Re1 $18 {Black must now prevent Ke5.} d3 53. Ke5) 52... Bxe6 $11 53. Bxe6 Rxe6 {[%emt 0:00:01] The position is equal.} 54. Rxb3 {[%emt 0:00:00] Strongly threatening Rb8+. KR-KR} Re7 55. Rb8+ Kf7 56. Rd8 Rb7 57. Rxd4 Rxb2 58. Rd7+ Kg8 59. Rd8+ Kf7 60. Rh8 Rb4+ 61. Kf3 $1 Rb3+ 62. Kf4 Rb4+ 63. Kf3 Rb3+ 64. Kf4 Rb4+ {[%emt 0:04:05] Black defended with fortune.  Weighted Error Value: White=0.27 (precise) /Black=0.31} 1/2-1/2

[Event "1st Serbian League 2022"]
[Site "Vrnjacka Banja"]
[Date "2022.09.23"]
[Round "4.18"]
[White "Stankovic, Milos"]
[Black "Lazic, Miroljub"]
[Result "1-0"]
[ECO "C54"]
[WhiteElo "2439"]
[BlackElo "2300"]
[Annotator "TA"]
[PlyCount "65"]
[EventDate "2022.09.20"]
[EventType "team-tourn"]
[EventCountry "SRB"]
[SourceTitle "playchess.com"]
[Source "ChessBase"]
[SourceQuality "1"]
[TimeControl "40/5400+30:1800+30"]

1. e4 e5 2. Nf3 Nc6 3. Bc4 Bc5 4. c3 Nf6 5. d4 exd4 6. b4 {[%emt 0:00:34] C54: Giuoco Piano: 4 c3 Nf6, main lines with 5 d4 and 5 d3.} ({Better is} 6. e5 $11 d5 7. Bb5 (7. exf6 dxc4 8. fxg7 Rg8 $15)) 6... Be7 7. e5 Ne4 8. b5 {[%emt 0:00:31] Black is slightly better.} Na5 9. Bd3 Nc5 10. cxd4 Nxd3+ 11. Qxd3 d5 12. O-O a6 {[%emt 0:01:46] [#]} 13. Ba3 $146 ({Predecessor:} 13. Nc3 axb5 14. Qxb5+ c6 15. Qd3 O-O 16. Ne2 b6 17. Re1 c5 18. Nf4 c4 19. Qc2 {0-1 (47) Aditya,V (2127)-Kuybokarov,T (2583) Dubai 2022}) 13... axb5 {[%emt 0:06:05] [#] ...b4 is the strong threat.} 14. Bxe7 Qxe7 15. Qxb5+ c6 16. Qd3 O-O 17. Nbd2 Be6 18. a4 Ra6 19. Qc3 Rfa8 20. Rfb1 h6 21. h3 (21. Qb4 $142 Qxb4 22. Rxb4) 21... Nc4 $17 22. Nb3 Rxa4 23. Nc5 Ra3 (23... Rxa1 24. Rxa1 Rxa1+ 25. Qxa1 $17) 24. Qc1 {[%emt 0:00:11] [#]} b6 $2 (24... R3a7 $1 $17 {Hoping for ...Bf5.} 25. Nxe6 Qxe6 26. Rxa7 Rxa7) 25. Rxa3 $14 Nxa3 ({Black should try} 25... Rxa3 $14 26. Rxb6 Qa7) 26. Rxb6 $16 Bf5 27. Qf4 Bg6 {[%emt 0:00:27] Black cannot hold the game after this.} (27... Nc4 $2 28. Rb7 Nd2 29. Nxd2 $18 (29. Rxe7 Ra1+ 30. Ne1 Rxe1+ 31. Kh2 Nf1+ 32. Kh1 Nd2+ 33. Kh2 Nf1+ 34. Kh1 Nd2+ 35. Kh2 $11)) (27... Be6 $16) 28. Rxc6 (28. Rb7 $142 Qe8 29. e6) 28... Nc4 29. Nh4 {[%emt 0:03:03] Pair of Knights!} Nd2 30. Qxd2 ({Not} 30. Nxg6 Ra1+ 31. Kh2 Nf1+ 32. Kh1 Nd2+ 33. Kh2 Nf1+ 34. Kh1 Nd2+ 35. Kh2 $11) 30... Ra1+ $2 (30... Qxh4 31. Qe3 Bf5) 31. Kh2 $18 {[%emt 0:00:09] White is clearly winning.} Qxh4 32. Rc8+ Kh7 33. Nd7 {[%emt 0:00:19] Weighted Error Value: White=0.17 (very precise) /Black=0.33} 1-0

[Event "1st Serbian League 2022"]
[Site "Vrnjacka Banja"]
[Date "2022.09.23"]
[Round "4.19"]
[White "Yilmazyerli, Mert"]
[Black "Sanal, Vahap"]
[Result "1-0"]
[ECO "A05"]
[WhiteElo "2533"]
[BlackElo "2595"]
[Annotator "TA"]
[PlyCount "81"]
[EventDate "2022.09.20"]
[EventType "team-tourn"]
[EventCountry "SRB"]
[SourceTitle "playchess.com"]
[Source "ChessBase"]
[SourceQuality "1"]
[TimeControl "40/5400+30:1800+30"]

1. Nf3 Nf6 2. g3 b5 3. Bg2 Bb7 4. O-O e6 5. d3 Be7 6. e4 d6 7. Nd4 {[%emt 0:00:00] A05: Réti Opening: 1 Nf3 Nf6.} a6 8. Nb3 c6 9. a4 {[%emt 0:00:00] [#] White has an edge.} Nfd7 $146 ({Predecessor:} 9... b4 10. d4 d5 11. N1d2 O-O 12. Re1 Nbd7 13. e5 Ne8 14. c4 bxc3 15. bxc3 c5 {½-½ (36) Lorparizangeneh,S (2491)-Percivaldi,M (2376) Manavgat 2018}) 10. Qe1 Qc7 11. d4 (11. Na5 $14) 11... Nb6 12. Nc3 O-O 13. Na5 Bc8 14. Be3 d5 15. Bf4 Qd7 16. Nb3 b4 {[%emt 0:05:14] [#]} 17. a5 $1 bxc3 18. axb6 cxb2 19. Ra5 ({Better is} 19. Ra4 $16) 19... Bd8 $1 $14 20. Nc5 Qe7 {[%emt 0:00:15] Against b7} 21. Ra2 Bxb6 22. Rxb2 Bc7 23. Qe3 Qd8 24. Bg5 Qe8 {[%emt 0:03:00] [#] White leaves nothing to chance now.} (24... f6 $14 25. Bf4 a5) 25. exd5 $1 $16 {[%emt 0:00:00] White is much more active.} cxd5 26. c4 $1 Qc6 (26... Nd7 $142 27. cxd5 exd5 28. Bxd5 Ra7) 27. Rc1 {[%emt 0:01:06] Strongly threatening cxd5.} h6 $2 {[%emt 0:03:24] [#]} (27... Ra7 28. Nd3 Qd7) 28. Bxh6 $1 gxh6 29. Qxh6 Bd8 {[%emt 0:01:00] Inhibits Qg5+.} (29... Ra7 30. Ne4 dxe4 31. Qg5+ Kh7) 30. Qh5 $18 f5 31. cxd5 Qd6 32. Qg6+ Kh8 33. Qh6+ (33. Nxe6 $142 Bxe6 34. Rb7 Be7 35. dxe6 Ra7 36. Rxa7 Qb4 37. Rcc7 Nd7 38. exd7) 33... Kg8 34. Qg6+ Kh8 35. Nb7 Qa3 36. Rxc8 Qxb2 37. Qh6+ (37. Nxd8 $142 Ra7 38. dxe6 Qb1+ 39. Bf1 Qc1 40. Rxc1 Rxd8 41. Qf6+ Kg8 42. Qxd8+ Kh7 43. Qh4+ Kg6 44. Rc8) 37... Kg8 38. Qg6+ $40 {[%emt 0:00:05][%mdl 128] White is up to no good.} (38. Nxd8 $18 Ra7 39. dxe6 Qb1+ 40. Bf1) 38... Kh8 39. Nxd8 {[%emt 0:01:03][%csl Gg6][%cal Rd8f7] White mates.} Ra7 40. dxe6 Qxd4 41. Nf7+ {[%emt 0:30:32] Weighted Error Value: White=0.66/Black=0.70} 1-0

[Event "1st Serbian League 2022"]
[Site "Vrnjacka Banja"]
[Date "2022.09.23"]
[Round "4.20"]
[White "Gurel, Ediz"]
[Black "Gokerkan, Cem Kaan"]
[Result "1-0"]
[ECO "B33"]
[WhiteElo "2437"]
[BlackElo "2465"]
[Annotator "TA"]
[PlyCount "124"]
[EventDate "2022.09.20"]
[EventType "team-tourn"]
[EventCountry "SRB"]
[SourceTitle "playchess.com"]
[Source "ChessBase"]
[SourceQuality "1"]
[TimeControl "40/5400+30:1800+30"]

1. e4 c5 2. Nf3 Nc6 3. d4 cxd4 4. Nxd4 Nf6 5. Nc3 e5 6. Ndb5 d6 7. Bg5 a6 8. Bxf6 gxf6 9. Na3 f5 10. Nc4 b5 {[%emt 0:45:13] B33: Sicilian: Pelikan and Sveshnikov Variations.} 11. Ne3 {[%emt 0:00:00] Pair of Knights!} Nd4 {[%emt 0:07:41] [#]} 12. Nxf5 $146 ({Predecessor:} 12. exf5 Nxf5 13. Nxf5 Bxf5 14. Qf3 Bg6 15. Qc6+ Ke7 16. Nd5+ Ke6 17. Nc7+ Ke7 18. Nxa8 Bh6 19. Nb6 Re8 20. Rd1 {1-0 (21) Bere Filho,R-Caio,F Curitiba 1993}) 12... Bxf5 {[%emt 0:01:07] White is better.} 13. exf5 Rc8 14. Bd3 d5 15. O-O {[%emt 0:00:00] Threatens to win with Re1.} Bg7 16. Re1 {[%emt 0:00:00] Black must now prevent Qg4.} O-O (16... Kf8 $1 $14) 17. f6 $16 Qxf6 (17... Bxf6 $2 18. Qg4+ Kh8 19. Qh5 $18) 18. Nxd5 Qd8 {[%emt 0:08:34] [#]} 19. Ne3 $40 {[%emt 0:00:00][%mdl 128] White goes for the king.} (19. Qh5 $6 f5 $11) 19... f5 20. c3 e4 21. Bf1 (21. cxd4 $6 exd3 22. Qb3+ (22. Qxd3 Qxd4 23. Qb3+ Kh8 $14) 22... Kh8 $14) 21... Nc6 22. Qh5 {[%emt 0:00:00] Inhibits Qg5.} Qf6 23. a4 Ne5 24. axb5 axb5 25. Nd5 (25. Ra7 Qg6 26. Qxg6 hxg6 $16) 25... Qd6 26. Rad1 Ng4 (26... Kh8 $16 27. Bxb5 Rb8) 27. Be2 (27. Bxb5 $6 Qc5 $14) 27... Nf6 28. Qxf5 Nxd5 29. Qxd5+ Qxd5 30. Rxd5 b4 31. Bg4 Rce8 32. cxb4 Bxb2 33. Bf5 Re7 (33... Bc3 {was called for.} 34. Rb1 e3) 34. g3 ({Not} 34. Rxe4 {[#]} Rxf5 $1 35. Rxe7 (35. Rg4+ Bg7 $17) 35... Rxd5 $17) 34... Bc3 35. Rxe4 Rxe4 36. Bxe4 Bxb4 $18 {[%emt 0:00:01][%mdl 4096] Endgame KRB-KRB} 37. Rh5 h6 38. Kg2 Kg7 39. Rb5 Bd6 40. Rb7+ Rf7 41. Rb5 $2 (41. Rb1 $18) 41... Re7 $2 (41... Rf8 $1 $11) 42. Bd3 Rd7 43. Rb6 Bf8 44. Be4 Rd2 45. Rc6 Kf7 46. Kf3 Rb2 47. h4 Bb4 48. Bc2 Ke7 (48... h5 $142 49. Bg6+ Kg7 50. Bxh5 Be1 51. Rc7+ Kh8) 49. Kg4 Be1 50. f4 Ra2 (50... Kd7 $142) 51. f5 {[%emt 0:00:00] And now Re6+ would win.} Kd7 52. Rc4 ({Weaker is} 52. Rxh6 Rxc2 53. Re6 Bf2 $14) 52... Ra3 $2 (52... Ra6 53. Re4 Bf2) 53. Rd4+ Kc7 54. f6 {[%emt 0:02:44] f7 is the strong threat.} Rxg3+ 55. Kf5 {[%emt 0:00:01] Hoping for f7.} Bc3 56. Rc4+ Kd6 57. Bd1 Bb2 58. Bh5 {[%emt 0:00:33] Strongly threatening f7.} Rg1 59. f7 Rf1+ 60. Kg6 Rg1+ 61. Kh7 Rf1 62. Rc8 Kd5 {[%emt 0:00:30] Weighted Error Value: White=0.13 (very precise) /Black=0.40} 1-0

[Event "1st Serbian League 2022"]
[Site "Vrnjacka Banja"]
[Date "2022.09.23"]
[Round "4.21"]
[White "Arsovic, Goran"]
[Black "Markus, Robert"]
[Result "0-1"]
[ECO "E69"]
[WhiteElo "2362"]
[BlackElo "2615"]
[Annotator "TA"]
[PlyCount "88"]
[EventDate "2022.09.20"]
[EventType "team-tourn"]
[EventCountry "SRB"]
[SourceTitle "playchess.com"]
[Source "ChessBase"]
[SourceQuality "1"]
[TimeControl "40/5400+30:1800+30"]

1. d4 Nf6 2. Nf3 d6 3. g3 g6 4. Bg2 Bg7 5. c4 O-O 6. Nc3 Nbd7 7. O-O e5 8. e4 c6 9. b3 Re8 {[%emt 0:00:18] 9...Re8 was played by the boomers.} 10. h3 a6 11. d5 cxd5 {[%emt 0:08:50] E69: King's Indian: Fianchetto: 6...Nbd7 7 0-0 e5 8 e4 c6 9 h3.} 12. cxd5 b5 13. Ne1 b4 $5 {[%emt 0:09:21][%mdl 4] White has an edge. Leaves trodden paths.} 14. Na4 Nb6 15. Nxb6 Qxb6 16. Be3 {[%emt 0:00:39] [#]} Qb5 $146 ({Predecessor:} 16... Qb7 17. Nd3 Bd7 18. Qd2 a5 19. Rfc1 Rec8 20. Nb2 Ne8 21. Rxc8 Bxc8 22. a3 f5 {1-0 (43) Maiorov,N (2527)-Sadhwani,R (2298) Kazan 2017}) 17. Nd3 a5 18. Nb2 Ba6 19. Nc4 Qb8 20. Rc1 Rc8 21. Qe2 Ne8 22. Rfe1 Nc7 23. Qd2 Bxc4 24. Rxc4 Nb5 25. Rec1 (25. Qd3 $5 Qb7 26. Rec1 $14) 25... Nc3 $1 26. Rxc8+ Qxc8 27. a4 Qf8 28. g4 f5 {[%emt 0:00:28] Hoping for ...f4.} 29. f3 f4 30. Bf2 Bf6 31. h4 Qc8 {[%emt 0:03:52][%cal Oc3e2] And now ...Ne2+! would win.} 32. Kh2 Bd8 33. g5 Qb7 34. Bh3 Bb6 35. Be6+ Kg7 36. Kg2 Rh8 37. Rh1 Bxf2 38. Qxf2 h6 39. gxh6+ Rxh6 40. Bg4 (40. h5 $5) 40... Qc7 41. Qf1 (41. h5 $11 {keeps the balance.}) 41... Qc5 $17 {[%emt 0:06:12] Black is more active.} 42. Qa6 $2 {[%emt 0:02:31][%mdl 8192] [#]} (42. Qe1 $17) 42... Nd1 $1 $19 {[%emt 0:00:57][%mdl 512] ( -> ...Qf2+)} 43. Qb7+ (43. Qe2 Ne3+) 43... Kf6 44. Rf1 Ne3+ {[%emt 0:01:04] Weighted Error Value: White=0.39/Black=0.06 (flawless)} 0-1

[Event "1st Serbian League 2022"]
[Site "Vrnjacka Banja"]
[Date "2022.09.23"]
[Round "4.22"]
[White "Kovacevic, Aleksandar"]
[Black "Ristic, Nenad"]
[Result "1-0"]
[ECO "C42"]
[WhiteElo "2471"]
[BlackElo "2267"]
[Annotator "TA"]
[PlyCount "53"]
[EventDate "2022.09.20"]
[EventType "team-tourn"]
[EventCountry "SRB"]
[SourceTitle "playchess.com"]
[Source "ChessBase"]
[SourceQuality "1"]
[TimeControl "40/5400+30:1800+30"]

1. e4 e5 2. Nf3 Nf6 3. Nxe5 d6 4. Nf3 Nxe4 5. d4 d5 6. Bd3 Bd6 7. O-O O-O 8. c4 c6 9. Nc3 Nxc3 10. bxc3 Bg4 11. c5 {[%emt 0:02:23] C42: Petroff Defence: 3 Nxe5 and unusual White 3rd moves.} Be7 {[%emt 0:13:21] [#]} 12. Qb3 $146 ({Predecessor:} 12. Bf4 Nd7 13. Qb1 Bxf3 14. gxf3 Bg5 15. Bd6 Be7 16. Bg3 b5 17. cxb6 Nxb6 18. Bxh7+ Kh8 {1-0 (51) Liu,Y-Lappalainen,M (1829) Kemer 2009}) 12... b6 13. Ne5 {[%emt 0:00:39] White is better.} Bc8 14. Qc2 {[%emt 0:04:39] White has more active pieces.} f5 (14... h6 $1 $14) 15. c4 $16 Kh8 16. cxd5 cxd5 17. Re1 bxc5 18. dxc5 {[%emt 0:00:17] And now Bf4 would win.} Qa5 $2 (18... Bf6 19. c6 (19. Bxf5 Bxe5 20. Rxe5 Nc6 $17) 19... Bxe5 20. Rxe5 Qd6) 19. Bb2 $18 {[%emt 0:14:41][%cal Oe5g6] Strongly threatening Ng6+!} ({Less strong is} 19. Ng6+ hxg6 20. Rxe7 Nc6 $16) 19... Qxc5 (19... Qc7 $142 20. Rab1 Na6) 20. Qe2 {[%emt 0:03:15] aiming for Rac1.} Bf6 (20... Qb4 $142 21. Ng6+ hxg6) 21. Rac1 Qb6 {[%emt 0:01:01] [#]} 22. Rxc8 $1 {[%emt 0:04:55][%mdl 576] Remove Defender. White mates.} Rxc8 (22... Nd7 23. Rxa8) 23. Bxf5 {[%emt 0:01:37] This bishop pair is nice.} Na6 24. Qh5 g6 25. Nxg6+ Kg8 26. Ne7+ {[%emt 0:00:08][%mdl 64] [#] Deflection, Double Attack} Kf8 27. Qh6+ {[%emt 0:00:07] Black did not feel at home in the position after the opening.  Weighted Error Value: White=0.00 (flawless) /Black=0.74} 1-0

[Event "1st Serbian League 2022"]
[Site "Vrnjacka Banja"]
[Date "2022.09.23"]
[Round "4.23"]
[White "Rajkovic, Dusan"]
[Black "Brenjo, Slavisa"]
[Result "1-0"]
[ECO "E99"]
[WhiteElo "2246"]
[BlackElo "2409"]
[Annotator "TA"]
[PlyCount "85"]
[EventDate "2022.09.20"]
[EventType "team-tourn"]
[EventCountry "SRB"]
[SourceTitle "playchess.com"]
[Source "ChessBase"]
[SourceQuality "1"]
[TimeControl "40/5400+30:1800+30"]

1. d4 Nf6 2. c4 g6 3. Nc3 Bg7 4. e4 d6 5. Nf3 O-O 6. Be2 e5 7. O-O Nc6 8. d5 Ne7 9. Ne1 Nd7 10. g4 f5 11. f3 Nf6 12. Be3 f4 13. Bf2 {[%emt 0:01:07] E99: King's Indian: Classical Main Line: 9 Ne1 Nd7 10 f3 f5.} g5 14. Nd3 h5 15. h3 {[%emt 0:00:06] The position is equal.} (15. gxh5 {is more complex.} Bh3 16. Re1 Nxh5 17. c5) 15... Ng6 16. c5 Rf7 17. Rc1 Bf8 {[%emt 0:01:44] [#]} 18. cxd6 $146 (18. Kg2 {feels hotter.} a6 19. Rh1 Rb8 20. Kf1) ({Predecessor:} 18. Nb5 hxg4 19. hxg4 Rh7 20. cxd6 cxd6 21. Nxa7 Bd7 22. Qb3 Nh4 23. Bb6 Qe7 24. Kf2 Bxg4 25. fxg4 Nxe4+ {0-1 (63) Haugli,P (2260)-Jones,S (2160) London 2015}) 18... Bxd6 19. Nc5 (19. Kg2 $11 {remains equal.}) 19... hxg4 $1 $17 20. hxg4 Nxg4 21. fxg4 $11 {[%emt 0:00:42] Ne6 is the strong threat.} f3 $1 22. Bxf3 {[%emt 0:41:44] Strongly threatening Ne6.} Qf8 $1 23. Ne6 (23. Qd2 Rxf3 24. Qxg5 Qg7 $17) 23... Bxe6 24. dxe6 Rxf3 25. Nd5 $36 {[%emt 0:00:51][%mdl 2048] Prevents Qf4. White is more active.} c6 (25... Rh3 $1 $11 26. Kg2 (26. Rc3 Qh6 $17) 26... Qh6) 26. Kg2 $1 $16 {[%emt 0:00:07] And now e7 would win. Black is now going downhill.} Rf4 (26... cxd5 $16 27. Qxf3 Nf4+ 28. Kg1 Qh6) 27. Nxf4 $18 Nxf4+ 28. Kg3 $1 Qh6 29. Rh1 {[%emt 0:00:47] Against Qh3+} Qxe6 30. Be3 Rd8 {[%emt 0:00:35] [#]} (30... Rf8 {keeps fighting.} 31. Qc2 Rf7) 31. Rc2 $1 {[%emt 0:01:17] Threatens to win with Rch2.} (31. Bxa7 Be7 32. Qf3 Rd2 $11) 31... Be7 32. Rd2 {[%emt 0:00:14] The board is on fire.} Rxd2 33. Qxd2 {[%emt 0:00:11] Hoping for Qh2.} Qc4 {[%emt 0:03:00] [#]} 34. Kf3 ({Worse is} 34. Bxf4 gxf4+ 35. Kf3 Qxa2 $11) 34... Qxa2 $2 (34... Kg7 35. Qh2 (35. Bxf4 exf4 36. Qc3+ Qxc3+ 37. bxc3 Kf7 $18) (35. Bxa7 Ng6 $16) 35... Qg8 36. Bxa7 Kf7 37. Qh7+ Qxh7 38. Rxh7+ Ke6) 35. Qh2 {[%emt 0:01:51] White threatens Qh8+ and mate.} ({Weaker is} 35. Bxf4 gxf4 36. Qc3 Qe6 $14) 35... Kf8 36. Qh8+ (36. Bxf4 exf4 37. Qh8+ Qg8 38. Qxg8+ Kxg8 $18) 36... Qg8 37. Qxe5 {[%emt 0:00:16] Black must now prevent Rh8.} Ng6 {[%emt 0:00:13] Against Rh8} 38. Qf5+ (38. Qb8+ $142 Kf7 39. Qxb7) 38... Ke8 $2 (38... Qf7 39. Ke2 (39. Bxa7 Nh4+ 40. Rxh4 gxh4 $14) 39... Nh4 40. Qxf7+ Kxf7 41. Bxa7 Ke6) 39. Qc8+ {[%emt 0:02:16] White is clearly winning.} Bd8 40. Rd1 Qf7+ 41. Ke2 Qc4+ 42. Rd3 Qc2+ 43. Rd2 {[%emt 0:00:00] Weighted Error Value: White=0.20 (precise) /Black=0.54} 1-0

[Event "1st Serbian League 2022"]
[Site "Vrnjacka Banja"]
[Date "2022.09.23"]
[Round "4.24"]
[White "Omorjan, Dejan"]
[Black "Rajkovic, Mladen"]
[Result "1-0"]
[ECO "A16"]
[WhiteElo "2265"]
[BlackElo "2335"]
[Annotator "TA"]
[PlyCount "71"]
[EventDate "2022.09.20"]
[EventType "team-tourn"]
[EventCountry "SRB"]
[SourceTitle "playchess.com"]
[Source "ChessBase"]
[SourceQuality "1"]
[TimeControl "40/5400+30:1800+30"]

1. Nf3 Nf6 2. c4 g6 3. Nc3 d5 4. cxd5 Nxd5 5. h4 Nxc3 6. bxc3 {[%emt 0:00:44] A16: English Opening: 1...Nf6 with ...d5.} Bg7 7. h5 c5 8. Qa4+ {[%emt 0:01:50] The position is equal.} Qd7 9. Qc4 b6 10. Ng5 e6 11. Qh4 Qe7 12. hxg6 hxg6 13. Qxh8+ Bxh8 14. Rxh8+ Kd7 15. d4 {[%emt 0:00:25][%mdl 1024] White has compensation.} Nc6 16. Rh7 Nd8 {[%emt 0:00:25] [#]} (16... cxd4 $2 17. Rxf7 Qxf7 18. Nxf7 $18) 17. e4 $146 {[%emt 0:05:30] Nf3 is the strong threat.} ({Predecessor:} 17. Ne4 Bb7 18. Bg5 Qf8 19. Nf6+ Kc8 20. e4 a5 21. Rh3 Ba6 22. Bxa6+ Rxa6 23. e5 cxd4 {1-0 (47) Rallabandi,P (2501)-Rawlings,A (2321) ICCF email 2021}) 17... Kc7 18. a3 Kb7 19. e5 Bd7 $2 (19... Rb8 $11 {and Black has nothing to worry.}) 20. Ne4 $18 Kc7 21. Bg5 Qf8 22. Bh6 Qe7 {[%emt 0:00:08] [#]} 23. Bg5 $2 (23. Nf6 $1 {Hoping for d5.} Nc6 24. Bg5) 23... Qf8 24. Bf6 Nb7 25. Ng5 Qc8 26. Rxf7 cxd4 27. cxd4 {[%emt 0:02:59] aiming for Rc1+.} Kb8 28. Ne4 {[%emt 0:01:13] Inhibits Qc3+. Black must now prevent Ba6.} Qc2 29. Rxd7 $2 ({White has to play} 29. f3 $18 Be8 30. Rf8) 29... Qxe4+ $11 30. Kd2 {[%emt 0:03:29] Strongly threatening Ba6.} Na5 31. Bb5 {[%emt 0:01:01] And now Rh1 would win. Dancing on a razor blade.} a6 $2 {[%emt 0:03:28][%mdl 8192] [#]} (31... Nb3+ $11 32. Kc3 Nxa1 33. Rd8+ Kc7 34. Rd7+ Kb8 35. Rd8+ Kc7 36. Rd7+ Kc8 37. Rd8+ Kc7) 32. Rh1 $1 $18 Nb7 33. Be2 {[%emt 0:02:10] Threatening mate with Bf3. A strong pair of Bishops.} Kc8 34. Rhh7 {[%emt 0:01:31] White mates.} Ra7 35. Bf3 Qf4+ 36. Kd1 {[%emt 0:00:47] Weighted Error Value: White=0.32/Black=0.38} 1-0

[Event "1st Serbian League 2022"]
[Site "Vrnjacka Banja"]
[Date "2022.09.23"]
[Round "4.25"]
[White "Tadic, Stefan"]
[Black "Demchenko, Anton"]
[Result "0-1"]
[ECO "B55"]
[WhiteElo "2318"]
[BlackElo "2645"]
[Annotator "TA"]
[PlyCount "56"]
[EventDate "2022.09.20"]
[EventType "team-tourn"]
[EventCountry "SRB"]
[SourceTitle "playchess.com"]
[Source "ChessBase"]
[SourceQuality "1"]
[TimeControl "40/5400+30:1800+30"]

1. e4 c5 2. Nf3 d6 3. d4 cxd4 4. Nxd4 Nf6 5. f3 e5 6. Nb3 d5 7. Bg5 Be6 8. exd5 Qxd5 9. Nc3 Bb4 10. Bxf6 {[%emt 0:01:43] B55: Sicilian: 2...d6 3 d4 cxd4 4 Nxd4 Nf6 5 f3.} Qxd1+ 11. Rxd1 gxf6 12. Bb5+ {[%emt 0:00:42] [#] Black is slightly better.} Ke7 $146 ({Predecessor:} 12... Nd7 13. O-O Bxc3 14. bxc3 O-O-O 15. Bxd7+ Bxd7 16. f4 Be6 17. Rde1 Bc4 18. Rf3 Rhg8 19. fxe5 fxe5 {½-½ (45) Wagner,F (2323)-Arnold,M (1899) Nuremberg 2009}) 13. O-O Bxc3 14. bxc3 Rc8 15. f4 Rxc3 16. Bd3 ({White should play} 16. Rde1) 16... h6 $17 17. Na5 Nc6 18. Nxc6+ bxc6 (18... Rxc6 19. Rb1 $17) 19. Rb1 Rd8 (19... Bxa2 $19 20. Rbe1 Be6 21. fxe5 a5 22. Rxf6 a4 23. Rxh6 a3) 20. Rb7+ (20. Rfe1 $17) 20... Rd7 $19 21. Rfb1 (21. Rb8 {was necessary.}) 21... Ra3 ({Worse is} 21... exf4 22. Rxd7+ Kxd7 23. a4) 22. f5 Bd5 23. Rxd7+ (23. R7b2 $142) 23... Kxd7 {[%emt 0:00:01] KRB-KRB. Black is winning.} 24. Rd1 Rc3 (24... Bxa2 25. Bc4+ Kc7 26. Ra1 Bxc4 27. Rxa3 $16) (24... Rxa2 25. c4 Rxg2+ 26. Kf1 Rxh2 27. cxd5 Rh1+ 28. Ke2 Rxd1 29. dxc6+ Kxc6 30. Kxd1 $19) 25. a4 Kc7 26. Re1 a5 27. Kf2 Ra3 28. Re3 Rxa4 {[%emt 0:02:03] Weighted Error Value: White=0.27 (precise) /Black=0.03 (flawless)} 0-1